[Event "*** SCC Grand Prix: Titled Tuesday Blitz"]
[Site "Chess.com"]
[Date "2020.10.13"]
[Round "5"]
[White "Evachess2006"]
[Black "Falcon28dz"]
[Result "0-1"]
[WhiteElo "1620"]
[BlackElo "2291"]
[TimeControl "180+1"]
[EndTime "10:56:40 PDT"]
[Termination "Falcon28dz won by resignation"]

1. e4 e6 2. d4 d5 3. exd5 exd5 4. Bd3 Bd6 5. Ne2 Nc6 6. O-O Nge7 7. Re1 Nb4 8. Bf4 Nxd3 9. Qxd3 O-O 10. Bxd6 Qxd6 11. c3 Bf5 12. Qg3 Qb6 13. b3 Rae8 14. Nf4 Nc8 15. Nd2 c6 16. Nh5 Bg6 17. Nf4 Qd8 18.
Nxg6 hxg6 19. Rxe8 Rxe8 20. Kf1 Nd6 21. Re1 Rxe1+ 22.
Kxe1 Nf5 23. Qe5 Qa5 24. g4 Nh4 25. Qe8+ Kh7 26. Qe7 Ng2+ 27. Kf1 Qxc3 28. Kxg2 Qxd2 29. Qh4+ Qh6 30. Qd8 Qf4 31. Qh4+ Qh6 32. Qd8 g5 33.
Qe7 Qf6 34. Qxb7 Qxd4 35. Qxc6 Qxg4+ 36. Kf1 Qh3+ 37. Kg1 Qg4+ 38. Kf1 Qe6 39. Qc2+ g6 40. Qd2 Qe5 41. Qc1 Kg7 42. Qd2 d4 43. Qe2 Qxh2 44. Ke1 Qh1+ 45. Kd2 Qd5 46. Qd3 Qa5+ 47. Ke2 Qxa2+ 48. Kf3 Qb2 49. Kg2 Qc3 50. Kf3 Qxd3+ 51. Kg2 Qxb3 0-1

[Event "*** SCC Grand Prix: Titled Tuesday Blitz"]
[Site "Chess.com"]
[Date "2020.10.13"]
[Round "5"]
[White "Yashasd1995"]
[Black "DenLaz"]
[Result "1/2-1/2"]
[WhiteElo "2601"]
[BlackElo "2803"]
[TimeControl "180+1"]
[EndTime "10:56:42 PDT"]
[Termination "Game drawn by repetition"]

1. b3 e5 2. Bb2 Nc6 3. e3 d5 4.
Bb5 Bd6 5. Nf3 Qe7 6. c4 dxc4 7. bxc4 Nf6 8. c5 Bxc5 9. Nxe5 O-O 10. Bxc6 bxc6 11.
O-O Ba6 12. Re1 Bd6 13. d4 Bxe5 14. dxe5 Nd5 15. Ba3 Qxe5 16. Nd2 Rfd8 17. Nf3 Qf6 18. Qc2 h6 19. Rac1 Bb7 20. Bb2 Qe7 21. Bxg7 Kxg7 22.
Qb2+ Qf6 23. Qxb7 Rab8 24. Qxc6 Qxc6 25. Rxc6 Rb6 26. Rc2 Kf6 27. Nd4 Rc8 28. Rec1 Nb4 29. Rxc7 Rxc7 30. Rxc7 Nxa2 31. g4 a6 32. h4 Nb4 33.
Kg2 a5 34. Ra7 Ra6 35. Rxa6+ Nxa6 36. Nb5 Ke5 37. Kf3 a4 38. Na3 Nc5 39. Nc4+ Kd5 40.
Na3 Ne4 41. Ke2 Kc5 42. f3 Nd6 43. f4 Kb4 44. Nc2+ Kb3 45. Nd4+ Kb2 46. Kd3 a3 47.
Nc2 a2 48. g5 h5 49. e4 Nxe4 50. f5 Nc5+ 51. Kd2 Nb3+ 52. Kd3 Nd4 53. Na1 Kxa1 54. g6 fxg6 55. fxg6 Ne6 56. Kc2 Ng7 57. Kc1 Nf5 58. Kc2 Nh6 59. Kc1 Ng8 60. g7 Nf6 61. Kc2 Ng8 62. Kc1 Nh6 63. Kc2 Ng8 64. Kc1 1/2-1/2

[Event "*** SCC Grand Prix: Titled Tuesday Blitz"]
[Site "Chess.com"]
[Date "2020.10.13"]
[Round "5"]
[White "niki_2003"]
[Black "Pavalamalli"]
[Result "0-1"]
[WhiteElo "1771"]
[BlackElo "2293"]
[TimeControl "180+1"]
[EndTime "10:56:42 PDT"]
[Termination "Pavalamalli won by resignation"]

1. d4 Nf6 2. c4 e6 3. Nf3 c5 4. d5 exd5 5. cxd5 d6 6. Nc3 g6 7. g3 Bg7 8. Bg2 O-O 9. O-O Re8 10.
Nd2 a6 11. a4 Nbd7 12. f4 Rb8 13. Nc4 Qc7 14. e4 b5 15. axb5 axb5 16. Nd2 c4 17. Kh1 Nc5 18. Re1 Nd3 19. Rf1 Ng4 20. Qe2 Bd4 21. Nd1 Qb6 22. h3 Ngf2+ 23. Nxf2 Bxf2 24. Kh2 Bd4 25. Nf3 Nxc1 26. Raxc1 Bg7 27. e5 dxe5 28. fxe5 Bb7 29. Rcd1 Rbd8 30. e6 fxe6 31. dxe6 Rxd1 32.
Qxd1 Qxe6 33. Re1 Qf7 34. Ng5 Rxe1 35. Qxe1 Qf6 36. Qe8+ Bf8 37. Bxb7 Qxg5 38. Qe6+ Kg7 39. Qd7+ Kh6 40. Qd4 Bg7 41. Qf2 Be5 42. h4 Qxh4+ 43.
Kg2 Qg5 44. Bc6 b4 45. Bb5 c3 46. b3 Bxg3 47. Qxg3 Qxg3+ 48. Kxg3 c2 0-1

[Event "*** SCC Grand Prix: Titled Tuesday Blitz"]
[Site "Chess.com"]
[Date "2020.10.13"]
[Round "5"]
[White "Lagmantr"]
[Black "Natalya_Buksa"]
[Result "1-0"]
[WhiteElo "2728"]
[BlackElo "2518"]
[TimeControl "180+1"]
[EndTime "10:56:43 PDT"]
[Termination "Lagmantr won by checkmate"]

1. e4 c5 2. Nf3 Nc6 3. b3 Nf6 4. e5 Nd5 5. Bb2 e6 6. Be2 Be7 7. O-O O-O 8. Nc3 d6 9. Nxd5 exd5 10. d4 dxe5 11. dxe5 Bg4 12. h3 Bh5 13. Re1 d4 14.
Bd3 Bg6 15. Bxg6 hxg6 16. c3 dxc3 17. Bxc3 Qxd1 18. Raxd1 Rad8 19. Kf1 Rxd1 20. Rxd1 Rd8 21. Rxd8+ Bxd8 22. Ke2 Kf8 23. Kd3 Ke7 24. Kc4 Bc7 25.
Kd5 Kd7 26. Ng5 Nd8 27. Nxf7 Nxf7 28. e6+ Ke7 29. exf7 Kxf7 30. Be5 Bd8 31. f4 b6 32. Kc6 Be7 33. a4 Bd8 34. Kb7 Ke6 35. Kxa7 g5 36. Kb7 Kf5 37. Bc7 Be7 38. fxg5 Kxg5 39. Kxb6 Kf5 40.
a5 Ke4 41. a6 c4 42. a7 cxb3 43. a8=Q+ Kd3 44. Qd5+ Kc2 45. Qe4+ Kc1 46. Bf4+ Kd1 47.
Qxe7 b2 48. Qe4 g5 49. Qb1+ Ke2 50. Qxb2+ Kd3 51. Qd2+ Kc4 52. Be5 g4 53. Kc6 g3 54.
Qc3# 1-0

[Event "*** SCC Grand Prix: Titled Tuesday Blitz"]
[Site "Chess.com"]
[Date "2020.10.13"]
[Round "5"]
[White "Gulkov_Igor"]
[Black "mirceaparligras"]
[Result "0-1"]
[WhiteElo "2456"]
[BlackElo "2636"]
[TimeControl "180+1"]
[EndTime "10:56:43 PDT"]
[Termination "mirceaparligras won on time"]

1. Nf3 Nf6 2. c4 e6 3. Nc3 c5 4. g3 d5 5. cxd5 Nxd5 6. Bg2 Nc6 7. O-O Be7 8. d4 O-O 9. Nxd5 exd5 10. dxc5 Bxc5 11. Bg5 f6 12. Bd2 Be6 13. Rc1 Bb6 14. e3 Rc8 15. Bc3 Bf7 16. Nd4 Ne5 17. Qe2 Re8 18.
Rfd1 Qd7 19. Qb5 Qxb5 20. Nxb5 Red8 21. Bd4 Bxd4 22. Nxd4 Kf8 23. Bh3 Rxc1 24. Rxc1 Nc4 25. b3 Nd6 26. Rc7 a5 27. Be6 Re8 28. Bxf7 Nxf7 29.
Rxb7 Ne5 30. Rb5 Rc8 31. Rxd5 Rc1+ 32. Kg2 a4 33. bxa4 Ra1 34. Ra5 Rxa2 35. Ra8+ Kf7 36.
Ra7+ Ke8 37. Ne6 Nd3 38. Nxg7+ Kd8 39. Ne6+ Ke8 40. Nf4 Nxf2 41. Kf3 f5 42. g4 Nxg4 43.
h3 Ne5+ 44. Kg3 Ra3 45. Nd5 Ng6 46. Nf6+ Kd8 47. Nxh7 f4+ 48. Kf2 fxe3+ 49. Ke1 Nf4 0-1

[Event "*** SCC Grand Prix: Titled Tuesday Blitz"]
[Site "Chess.com"]
[Date "2020.10.13"]
[Round "5"]
[White "Julianos82"]
[Black "manitodeplomo"]
[Result "1/2-1/2"]
[WhiteElo "2323"]
[BlackElo "2615"]
[TimeControl "180+1"]
[EndTime "10:56:43 PDT"]
[Termination "Game drawn by repetition"]

1. d4 g6 2. c4 Bg7 3. Nc3 c5 4.
Nf3 cxd4 5. Nxd4 Nc6 6. Nc2 Bxc3+ 7. bxc3 Qa5 8. e4 Nf6 9. f3 d6 10. Be2 Qxc3+ 11. Bd2 Qe5 12. O-O O-O 13. Be3 Be6 14. Nd4 Rfc8 15. Qd2 Nxd4 16. Bxd4 Qh5 17. Rfc1 Nd7 18. a4 b6 19. a5 Rab8 20. axb6 axb6 21. Rab1 Qa5 22. Qh6 f6 23. h4 Qh5 24. Qxh5 gxh5 25.
Rb5 Bf7 26. f4 Nc5 27. Bxc5 bxc5 28. Rcb1 Rxb5 29. cxb5 c4 30. b6 d5 31. exd5 Bxd5 32. Kf2 c3 33. g3 c2 34. Rc1 Rb8 35. Rxc2 Rxb6 36. Bxh5 Kg7 37. Bf3 Bxf3 38. Kxf3 f5 39. Re2 Kf6 40. Re3 h5 41. Rd3 Rd6 42. Ra3 Rd5 43.
Ra6+ e6 44. Ra3 Rd4 45. Ra8 Rd3+ 46. Kg2 Rd2+ 47. Kf3 Rd3+ 48. Kg2 Rd2+ 49. Kh3 Rd3 50. Rh8 Kg6 51. Rg8+ Kh6 52. Re8 Re3 53. Kg2 Re4 54.
Kf3 Kh7 55. Re7+ Kh6 56. Re8 Kh7 57. Re7+ Kh6 58. Re8 1/2-1/2

[Event "*** SCC Grand Prix: Titled Tuesday Blitz"]
[Site "Chess.com"]
[Date "2020.10.13"]
[Round "5"]
[White "VMikhalevski"]
[Black "banane_verte"]
[Result "1/2-1/2"]
[WhiteElo "2697"]
[BlackElo "2440"]
[TimeControl "180+1"]
[EndTime "10:56:43 PDT"]
[Termination "Game drawn by agreement"]

1. Nf3 Nf6 2. g3 e6 3. Bg2 d5 4. O-O Be7 5. c4 O-O 6. b3 b6 7. Bb2 Bb7 8. Nc3 Nbd7 9. cxd5 Nxd5 10. Re1 c5 11. Nxd5 Bxd5 12. e4 Bb7 13. d4 cxd4 14.
Nxd4 Nc5 15. b4 Nd7 16. Qb3 Rc8 17. Rad1 Qe8 18. Nxe6 fxe6 19. Qxe6+ Qf7 20. Qxf7+ Rxf7 21. Rxd7 Bxb4 22. Red1 Bc6 23. Rxf7 Kxf7 24. Bh3 Re8 25. f3 Re7 26. Kg2 Rc7 27. Rc1 Bc5 28. Be5 Re7 29. Bc3 Rc7 30. Bg4 Ba3 31. Rd1 Bb5 32. Be1 Rc2+ 33. Rd2 Rxd2+ 34. Bxd2 Bc4 35. e5 Bxa2 36. f4 Bd5+ 37. Kf1 Bc5 38. Bc8 a5 39. f5 h6 40.
e6+ Ke7 41. Bc3 Kf8 42. g4 a4 43. h4 b5 44. g5 hxg5 45. hxg5 b4 46. Be5 a3 47. f6 gxf6 48. gxf6 b3 49. e7+ Bxe7 50. fxe7+ Kxe7 51. Bf5 b2 52. Bc3 Kf7 53. Ke2 Ba2 54. Kd2 b1=Q 55. Bxb1 Bxb1 56. Bb4 a2 57. Bc3 Be4 58. Ke3 Bg6 59. Kf4 Ke6 60. Kg5 Bf7 61. Kf4 Kd5 62. Ke3 Kc4 63. Kd2 1/2-1/2

[Event "*** SCC Grand Prix: Titled Tuesday Blitz"]
[Site "Chess.com"]
[Date "2020.10.13"]
[Round "5"]
[White "mfwagnerpeixoto"]
[Black "onnoelgersma"]
[Result "1-0"]
[WhiteElo "2264"]
[BlackElo "2477"]
[TimeControl "180+1"]
[EndTime "10:56:44 PDT"]
[Termination "mfwagnerpeixoto won by resignation"]

1. d4 d5 2. Bf4 Nf6 3. e3 c5 4. c3 e6 5. Nf3 Nc6 6. Nbd2 Nh5 7.
Bg5 f6 8. Ng1 g6 9. Bh4 Ng7 10. f4 Nf5 11. Bf2 h5 12. Ngf3 Bd6 13.
Bd3 Bd7 14. g3 cxd4 15. exd4 Kf7 16. O-O a6 17. Re1 b5 18. a4 Rb8 19. axb5 axb5 20.
Qe2 Qb6 21. Kg2 Na5 22. h3 Nc4 23. b3 Nxd2 24. Qxd2 Nh6 25. Qc2 Rhg8 26. b4 Rbc8 27. Qb2 Qc6 28. Rac1 Ra8 29. Rf1 Ra4 30. Be3 Nf5 31. Bf2 Nh6 32. Bc2 Ra6 33. Bd3 Rga8 34. Qe2 Ra2 35. Rc2 Rxc2 36. Qxc2 Ra3 37. Bxg6+ Kf8 38. Bxh5 Nf5 39. g4 Bxf4 40. gxf5 Rxc3 41.
Qa2 e5 42. dxe5 Bxf5 43. Bc5+ Kg7 44. exf6+ Kh6 45. Qf2 d4 46. Kg1 Be3 47. Bxd4 Bxf2+ 48. Bxf2 Rxf3 49. Bxf3 Qxf3 50. f7 Kg7 51. Bd4+ 1-0

[Event "*** SCC Grand Prix: Titled Tuesday Blitz"]
[Site "Chess.com"]
[Date "2020.10.13"]
[Round "5"]
[White "VincentKeymer"]
[Black "elohunter1999"]
[Result "0-1"]
[WhiteElo "2819"]
[BlackElo "2613"]
[TimeControl "180+1"]
[EndTime "10:56:45 PDT"]
[Termination "elohunter1999 won by resignation"]

1. Nf3 Nf6 2. c4 g6 3. Nc3 d5 4. cxd5 Nxd5 5. h4 Bg7 6. h5 Nc6 7. g3 Bf5 8. Bg2 Ncb4 9. O-O Nxc3 10. bxc3 Bc2 11. Qe1 Ba4 12. h6 Bf6 13. Rb1 Nc2 14.
Qd1 Qd7 15. Rb3 Na1 16. e4 Nxb3 17. axb3 Bc6 18. e5 Bxf3 19. Qxf3 Bxe5 20. Re1 Bd6 21. Qxb7 O-O 22. Qe4 a5 23. Bb2 Rab8 24. Ba1 Rxb3 25.
c4 Ra3 26. c5 Rxa1 27. Rxa1 Bxc5 28. Rxa5 Qd4 29. Qe2 Bb6 30. Re5 e6 31. Re4 Qa1+ 32.
Kh2 Rd8 33. Bh3 Qf6 34. Bxe6 fxe6 35. f4 Kf7 36. Qc4 Rd4 37. Rxd4 Qxd4 38. Qe2 Qf2+ 39. Qxf2 Bxf2 40. Kg2 Bb6 41. Kf3 e5 42. fxe5 Ke6 43. Ke4 c6 44. d4 Ba5 45. g4 Bd2 46. Kf3 Bxh6 47. Ke4 Bf8 48. Kd3 Kd5 49. Ke3 c5 50. dxc5 Bxc5+ 51. Kf4 Bd4 52. Kg5 Kxe5 53. Kh6 Kf4 54.
g5 Kf5 55. Kxh7 Kxg5 56. Kg8 Kf5 57. Kf7 g5 0-1

[Event "*** SCC Grand Prix: Titled Tuesday Blitz"]
[Site "Chess.com"]
[Date "2020.10.13"]
[Round "5"]
[White "Mikedannnn"]
[Black "A-S-00"]
[Result "1-0"]
[WhiteElo "2503"]
[BlackElo "2270"]
[TimeControl "180+1"]
[EndTime "10:56:45 PDT"]
[Termination "Mikedannnn won by resignation"]

1. e4 c5 2. Nf3 e6 3. c4 Nc6 4. Nc3 Nf6 5. Be2 d6 6. d4 cxd4 7. Nxd4 Be7 8. O-O O-O 9. Be3 a6 10. Qd2 Bd7 11. a4 Rc8 12. Rac1 Ne5 13. b3 Neg4 14. Bg5 h6 15. Bh4 Ne5 16. Bg3 Qb6 17. f4 Nc6 18. Bf2 Qa5 19. Rfd1 Nxd4 20. Bxd4 e5 21. Be3 Bc6 22. Bf3 Qd8 23. f5 Kh7 24. g3 b6 25. Qf2 Rb8 26. h4 Qc7 27. g4 Qb7 28. Qg2 Nd7 29. g5 Rg8 30. Kh2 h5 31. Bxh5 Nc5 32. Bf3 g6 33. h5 gxh5 34. Qh3 Kg7 35.
f6+ Bxf6 36. gxf6+ Kxf6 37. Rf1 Ke7 38. Nd5+ Bxd5 39.
exd5 Nd3 40. Rc2 f6 41. Be4 Qd7 42. Qxd7+ Kxd7 43. Bxd3 h4 44. Bf5+ Ke7 45. Rg2 Rxg2+ 46.
Kxg2 Rg8+ 47. Kh2 b5 48. axb5 axb5 49. Rg1 Rxg1 50. Kxg1 bxc4 51. bxc4 1-0

[Event "*** SCC Grand Prix: Titled Tuesday Blitz"]
[Site "Chess.com"]
[Date "2020.10.13"]
[Round "5"]
[White "alexgo05"]
[Black "swayamsm"]
[Result "0-1"]
[WhiteElo "2443"]
[BlackElo "2633"]
[TimeControl "180+1"]
[EndTime "10:56:47 PDT"]
[Termination "swayamsm won by checkmate"]

1. e4 e6 2. d4 d5 3. Nc3 Nf6 4. e5 Nfd7 5. f4 c5 6. Nf3 Nc6 7. Be3 Be7 8. Qd2 O-O 9. h4 b6 10. Bb5 Bb7 11. h5 cxd4 12. Nxd4 Nxd4 13. Bxd4 Nc5 14. O-O-O a6 15. Bd3 b5 16. g4 b4 17. Ne2 Qa5 18. Kb1 Ne4 19. Bxe4 dxe4 20. f5 Bd5 21. Nc1 Rfc8 22. f6 Bf8 23. fxg7 Be7 24. g5 e3 25. Qxe3 Bxh1 26. Rxh1 Qd5 27. Rf1 Qg2 28. Rg1 Qxc2+ 29. Ka1 Rc4 30. g6 fxg6 31.
hxg6 Rd8 32. gxh7+ Qxh7 33. Nb3 a5 34. Qe1 Rc2 35.
Bf2 Qd3 36. Rh1 Bg5 37. Bb6 Re2 38. Qg1 Qc2 39. Rh8+ Kf7 40. Qf1+ Kxg7 41. Rh7+ Kxh7 42.
Qf7+ Kh6 43. Qxe6+ Kh5 44. Qh3+ Kg6 45. Qe6+ Kg7 46.
Bd4 Re1+ 47. Nc1 Rxc1# 0-1

[Event "*** SCC Grand Prix: Titled Tuesday Blitz"]
[Site "Chess.com"]
[Date "2020.10.13"]
[Round "5"]
[White "FMalexhdez"]
[Black "witcher8"]
[Result "1-0"]
[WhiteElo "2264"]
[BlackElo "2419"]
[TimeControl "180+1"]
[EndTime "10:56:48 PDT"]
[Termination "FMalexhdez won on time"]

1. e4 c6 2. d4 d5 3. exd5 cxd5 4. Bd3 Nf6 5. c3 Nc6 6. Bg5 Bg4 7. Qb3 Qd7 8. Nd2 e6 9. Ngf3 Bxf3 10. Nxf3 Be7 11. O-O O-O 12. Rfe1 a6 13. Ne5 Qc7 14. f4 g6 15. Re3 Ne8 16. Bxe7 Qxe7 17. Qc2 Rc8 18. Qf2 Ng7 19. Rf1 b5 20. a3 Rfe8 21. Rh3 h5 22. Nxg6 fxg6 23. Bxg6 Rf8 24. Bxh5 Nxh5 25.
Rxh5 Rf7 26. f5 Rcf8 27. g4 exf5 28. Rxf5 Rxf5 29. gxf5 Qf6 30. Kh1 Kf7 31. Qf4 Rg8 32. Re1 Ne7 33. Re5 Qg5 34. Qxg5 Rxg5 35. h4 Rxf5 36.
Re2 Rf3 37. Kg2 Rf6 38. Kg3 Rg6+ 39. Kf4 Rh6 40. Kg5 Rg6+ 41. Kf4 Rg1 42. Ke5 Rh1 43. Kd6 Rxh4 44. Rxe7+ Kf8 45. Re5 Rh2 46. b4 Rb2 47. Rxd5 Rb3 48. Kc5 Rxc3+ 49. Kb6 Rxa3 50. Rd8+ Ke7 51. Ra8 Kd6 52. Rxa6 Rd3 53. Kxb5+ Kd5 54.
Ra8 1-0

[Event "*** SCC Grand Prix: Titled Tuesday Blitz"]
[Site "Chess.com"]
[Date "2020.10.13"]
[Round "5"]
[White "Shivagami"]
[Black "korkmaz16"]
[Result "1-0"]
[WhiteElo "2247"]
[BlackElo "2373"]
[TimeControl "180+1"]
[EndTime "10:56:48 PDT"]
[Termination "Shivagami won by resignation"]

1. e4 e6 2. Nc3 d5 3. g3 Nf6 4. Bg2 d4 5. Nce2 e5 6. d3 c5 7. f4 Ng4 8. Nf3 Nc6 9. h3 Ne3 10.
Bxe3 dxe3 11. Qc1 exf4 12. Nxf4 Nd4 13. Nd5 Be6 14. Nxe3 Bd6 15. Nf1 Qc7 16. Kf2 O-O 17. c3 Nxf3 18. Bxf3 f5 19. Kg2 fxe4 20. Bxe4 c4 21.
Qe3 Rae8 22. Re1 cxd3 23. Qxd3 Bc4 24. Bd5+ Bxd5+ 25. Qxd5+ Kh8 26. Ne3 Bxg3 27. Re2 Bf4 28. Rhe1 Bxe3 29. Rxe3 Rxe3 30. Rxe3 Qf4 31. Rf3 Qxf3+ 32.
Qxf3 Rxf3 33. Kxf3 Kg8 34. Ke4 Kf7 35. Kd5 Ke7 36.
c4 g5 37. Ke5 h5 38. Kf5 g4 39.
hxg4 hxg4 40. Kxg4 Kd6 41. b4 Ke5 42. Kf3 Kd4 43. c5 Kc4 44. a3 Kb3 45. b5 Kxa3 46. c6 bxc6 47. bxc6 a5 48. c7 a4 49. c8=Q Ka2 50.
Qc2+ Ka3 51. Ke3 Kb4 52. Qa2 a3 53. Kd3 Ka4 54. Kc3 Kb5 55. Qxa3 Kc6 56. Qa5 Kd6 57.
Kd4 Ke6 58. Qd5+ Kf6 59. Ke4 Kg6 60. Qf5+ Kg7 61. Qe6 Kh8 62. Qe7 Kg8 63. Kf5 Kh8 64. Kg6 1-0

[Event "*** SCC Grand Prix: Titled Tuesday Blitz"]
[Site "Chess.com"]
[Date "2020.10.13"]
[Round "5"]
[White "AlexeiShirov"]
[Black "WildBizon"]
[Result "0-1"]
[WhiteElo "2828"]
[BlackElo "2638"]
[TimeControl "180+1"]
[EndTime "10:56:49 PDT"]
[Termination "WildBizon won by resignation"]

1. e4 c5 2. Nf3 Nc6 3. Bb5 g6 4. O-O Bg7 5. c3 Nf6 6. Re1 O-O 7. d4 d5 8. e5 Ne4 9. Bxc6 bxc6 10. Be3 cxd4 11.
Nxd4 c5 12. Nc6 Qc7 13. Qxd5 Bb7 14. Qxe4 Bxc6 15. Qc4 Rab8 16. Qxc5 Bxe5 17. h3 Bd6 18. Qxa7 Qxa7 19. Bxa7 Rxb2 20. Be3 Ra8 21. a3 Be4 22. Nd2 Bd3 23. Nf3 Rxa3 24. Rxa3 Bxa3 25. Ne5 Be2 26. Bd4 f6 27. c4 Rc2 28. Nc6 Kf7 29. c5 e5 30. Be3 Bb5 31. Na7 Be8 32. Rb1 Bxc5 33.
Rb7+ Ke6 34. Bxc5 Rxc5 35. Rxh7 Bd7 36. Rh8 Rc7 37. Ra8 Rc1+ 38. Kh2 Ra1 39. f3 Kf5 40.
Kg3 Ra2 41. h4 Ra1 42. Kf2 Ra2+ 43. Kg1 Kf4 44. Kh2 Be6 45. Re8 Bd5 46. Rf8 f5 47.
Nb5 Bxf3 48. Rf6 Rxg2+ 49. Kh3 Rb2 0-1

[Event "*** SCC Grand Prix: Titled Tuesday Blitz"]
[Site "Chess.com"]
[Date "2020.10.13"]
[Round "5"]
[White "pastouche06"]
[Black "anon569"]
[Result "0-1"]
[WhiteElo "2457"]
[BlackElo "2270"]
[TimeControl "180+1"]
[EndTime "10:56:50 PDT"]
[Termination "anon569 won on time"]

1. d4 Nf6 2. c4 e6 3. Nc3 Bb4 4. f3 Nc6 5. a3 Bxc3+ 6. bxc3 e5 7.
e4 d6 8. d5 Ne7 9. Bd3 b6 10.
Ne2 Ng6 11. g3 a5 12. h4 Nd7 13. h5 Ngf8 14. f4 Qe7 15. Be3 exf4 16. gxf4 Nf6 17. Ng3 Bg4 18. Qd2 O-O-O 19. c5 dxc5 20. c4 N8d7 21.
Kf2 g6 22. e5 Nxh5 23. Nxh5 Bxh5 24. Rab1 f6 25. e6 Nf8 26. f5 Bg4 27. Bf4 Bxf5 28. Bxf5 gxf5 29. Qb2 Ng6 30. Bd2 Qd6 31. Qb5 Rdf8 32.
Rh3 Kd8 33. Qa6 Ne5 34. Qb7 Ke7 35. Ke2 Nxc4 36. Rf3 Nxd2 37. Kxd2 Rb8 38. Qa7 Qxd5+ 39. Ke2 Qe4+ 40. Re3 Qc4+ 41. Kf2 Rbc8 42. Rxb6 f4 43. Re2 Qd4+ 44. Kf3 Rhg8 0-1

[Event "*** SCC Grand Prix: Titled Tuesday Blitz"]
[Site "Chess.com"]
[Date "2020.10.13"]
[Round "5"]
[White "azikom"]
[Black "KuzubovYuriy"]
[Result "0-1"]
[WhiteElo "2636"]
[BlackElo "2886"]
[TimeControl "180+1"]
[EndTime "10:56:51 PDT"]
[Termination "KuzubovYuriy won by resignation"]

1. d4 Nf6 2. Nf3 e6 3. Bg5 h6 4. Bh4 c5 5. e3 d5 6. c3 Nc6 7.
Nbd2 Qb6 8. Qb3 c4 9. Qxb6 axb6 10. a3 b5 11. Rc1 g5 12. Bg3 Nh5 13. Be2 Nxg3 14.
hxg3 Bg7 15. Nh2 f5 16. f4 g4 17. Nhf1 h5 18. Kf2 Kf7 19. Nb1 Kg6 20. Nfd2 Bd7 21.
Rh2 Ne7 22. Rhh1 Nc8 23. Bd1 Bf6 24. Bc2 Nb6 25. Rcf1 Rh7 26. Rfg1 Rah8 27. Nf1 b4 28. axb4 Ba4 29. Na3 Bxc2 30. Nxc2 Na4 31. Nd2 Nxb2 32. Ra1 h4 33. gxh4 Bxh4+ 34. Ke2 Bf6 35. Rxh7 Rxh7 36. Nf1 b5 37. Kd2 Rh1 38. Ng3 Rh2 39. Rg1 Nd3 40. Nf1 Rh8 41. g3 Ra8 42. Nh2 Rh8 43. Nf1 Be7 44. Ke2 Ra8 45. Nh2 Ra2 46.
Kd2 Nxb4 47. cxb4 Bxb4+ 48. Kd1 Bc3 49. Nf1 b4 50. Nxb4 Bxb4 51. Rh1 Ra1+ 52. Ke2 c3 53. Nd2 Rxh1 0-1

[Event "*** SCC Grand Prix: Titled Tuesday Blitz"]
[Site "Chess.com"]
[Date "2020.10.13"]
[Round "5"]
[White "kleopl"]
[Black "tk22h"]
[Result "1/2-1/2"]
[WhiteElo "2464"]
[BlackElo "2323"]
[TimeControl "180+1"]
[EndTime "10:56:52 PDT"]
[Termination "Game drawn - insufficient material"]

1. c4 e5 2. Nc3 Nc6 3. Nf3 f5 4. g3 Nf6 5. d4 e4 6. Nh4 g6 7. Bg5 Be7 8. e3 d6 9. Ng2 O-O 10. h4 Nh5 11. Bxe7 Qxe7 12. Be2 Nf6 13. Nf4 Nd8 14.
Qb3 c6 15. O-O-O Ne6 16. Rdg1 Ng7 17. Kb1 Rb8 18. Ka1 a6 19. Qa3 Re8 20. Qb3 Be6 21. Qa4 Bf7 22. Qa5 Qd8 23. Qa3 Qe7 24. Nh3 c5 25.
Ng5 cxd4 26. exd4 d5 27. Qxe7 Rxe7 28. Nxf7 Kxf7 29. cxd5 Rd7 30. Bc4 Rc8 31. Bb3 Nge8 32. f3 Nd6 33. fxe4 Nfxe4 34. Nxe4 Nxe4 35. Rh2 Kf6 36. g4 Rdc7 37. g5+ Kg7 38. a3 Rc1+ 39. Rxc1 Rxc1+ 40. Ka2 Kf8 41. h5 Nxg5 42. hxg6 hxg6 43. Rg2 Nf3 44. Rxg6 Nxd4 45. Rb6 Rc5 46. Rxb7 Nxb3 47.
Kxb3 Rxd5 48. Kc4 Re5 49. Kd4 Ra5 50. Ke3 Ra4 51. Kd3 f4 52. Ke2 Rc4 53. Kf3 Ke8 54. Rb6 a5 55. Rb5 a4 56. Re5+ Kd7 57. Re4 Rxe4 58.
Kxe4 Kc6 59. Kxf4 Kd5 60. Ke3 Kc4 61. Kd2 Kb3 62. Kc1 Kc4 63. Kc2 Kd4 64. Kd2 Kc4 65.
Kc2 Kd4 66. b4 axb3+ 67. Kxb3 Kc5 68. a4 Kb6 69. a5+ Kxa5 1/2-1/2

[Event "*** SCC Grand Prix: Titled Tuesday Blitz"]
[Site "Chess.com"]
[Date "2020.10.13"]
[Round "5"]
[White "OlympusMons95"]
[Black "shnitez"]
[Result "1-0"]
[WhiteElo "2725"]
[BlackElo "2519"]
[TimeControl "180+1"]
[EndTime "10:56:53 PDT"]
[Termination "OlympusMons95 won by resignation"]

1. e4 c5 2. Nf3 e6 3. g3 b6 4. Bg2 Bb7 5. Nc3 d6 6. O-O Be7 7. d4 cxd4 8. Nxd4 Nd7 9. Re1 a6 10. Nd5 exd5 11. exd5 Ra7 12. Nf5 Kf8 13. Bf4 Ndf6 14.
Qd4 Bc8 15. Ne3 Nh5 16. a4 Bf6 17. Qb4 Ne7 18. Bxd6 Rd7 19. Nc4 Kg8 20. Rad1 Nf5 21. Be5 Ne7 22. Bxf6 Nxf6 23. d6 Ng6 24. Nxb6 h5 25.
Nxd7 Bxd7 26. h4 Kh7 27. Qb7 a5 28. Qc7 Ng4 29. Qxd8 Rxd8 30. c3 Bxa4 31. Rd4 Bd7 32. Ra1 a4 33. Bf1 N6e5 34. Be2 g6 35. f3 Nf6 36. Kf2 Kg7 37. Rb4 Nc6 38. Rb6 Ne5 39. Rd1 Ne8 40. Rb4 f5 41. Rbd4 Nf7 42. Ba6 Bc6 43.
Bc4 Rxd6 44. Bxf7 Rxd4 45. Rxd4 Kxf7 46. Ke3 Nf6 47. Rd6 Bd7 48. Ra6 Ke7 49. Kf4 Nd5+ 50. Kg5 Ne3 51. Kxg6 Nc4 52. Kxh5 Nxb2 53. Kg5 Bb5 54.
Ra7+ Ke6 55. h5 Nd3 56. h6 Nc5 57. h7 Kd5 58. h8=Q Kc4 59. Qg8+ Kxc3 60. Rc7 Kb4 61. Qf8 1-0

[Event "*** SCC Grand Prix: Titled Tuesday Blitz"]
[Site "Chess.com"]
[Date "2020.10.13"]
[Round "5"]
[White "GoltsevDmitry2000"]
[Black "Lucas_Tomiello"]
[Result "1-0"]
[WhiteElo "2672"]
[BlackElo "2425"]
[TimeControl "180+1"]
[EndTime "10:56:53 PDT"]
[Termination "GoltsevDmitry2000 won by resignation"]

1. b3 Nf6 2. Bb2 g6 3. Nf3 Bg7 4. g3 d5 5. Bg2 O-O 6. O-O c5 7. d3 Nc6 8. Nbd2 Re8 9. Re1 e5 10.
e4 d4 11. a4 Nd7 12. Nc4 Nb6 13. Nfd2 Be6 14. f4 exf4 15. gxf4 Qh4 16. Qf3 Bh6 17. Rf1 Rad8 18. Rae1 f5 19. Ba3 Nxc4 20. Nxc4 fxe4 21. Rxe4 Bg4 22. Qg3 Qxg3 23. hxg3 Rxe4 24. Bxe4 Bf8 25. Bxc6 bxc6 26. Ne5 Bd7 27. Re1 Bd6 28. Nxd7 Rxd7 29.
Re8+ Kf7 30. Rc8 Ke6 31. Rxc6 Kd5 32. Rc8 g5 33. f5 g4 34. Rg8 Bxg3 35. Rxg4 Bd6 36.
Rh4 Rf7 37. Rh5 Ke5 38. f6+ Kxf6 39. Bxc5 Bxc5 40. Rxc5 Rd7 41. Kf2 Kg6 42. Kf3 h5 43. b4 Kh6 44. Kg3 Rg7+ 45. Kh4 Rd7 46. Rxh5+ Kg6 47.
Rc5 Kf6 48. Kg4 Rg7+ 49. Kf4 Rg2 50. Rc6+ Ke7 51. Rc7+ Kd6 52. Rxa7 Rxc2 53. Ke4 Rb2 54. Rb7 Ra2 55. a5 Kc6 56. Rb6+ Kc7 57. Kxd4 1-0

[Event "*** SCC Grand Prix: Titled Tuesday Blitz"]
[Site "Chess.com"]
[Date "2020.10.13"]
[Round "5"]
[White "FairChess_on_YouTube"]
[Black "Aleksey_Sorokin"]
[Result "0-1"]
[WhiteElo "2985"]
[BlackElo "2839"]
[TimeControl "180+1"]
[EndTime "10:56:54 PDT"]
[Termination "Aleksey_Sorokin won on time"]

1. d4 Nf6 2. c4 g6 3. Nc3 d5 4. cxd5 Nxd5 5. e4 Nxc3 6. bxc3 Bg7 7. Nf3 c5 8. Be2 Nc6 9. d5 Bxc3+ 10. Bd2 Bxa1 11.
Qxa1 Nd4 12. Nxd4 cxd4 13. Qxd4 f6 14. O-O O-O 15. e5 Qb6 16. Qa1 fxe5 17. Qxe5 Qf6 18. Qe3 Bf5 19. Bc3 Qf7 20. Qe5 Qf6 21. Qe3 Qd6 22.
Bc4 Rac8 23. Be5 Qb6 24. Bd4 Qd6 25. Bb3 Bc2 26. Be5 Qb6 27. Bd4 Qd6 28. Be5 Qd7 29. d6+ Bxb3 30. Qxb3+ Rf7 31. dxe7 Qxe7 32. Ba1 h5 33.
Qb2 Kh7 34. h3 b6 35. Qd4 Qc5 36. Qe4 Rcf8 37. Bd4 Qc4 38. Qe5 Qxa2 39. Be3 Qa5 40. Qe4 Qf5 41. Qd4 Rd7 42. Qa4 Re7 43. Qa3 Rff7 44. Rc1 Re8 45. Qb2 Rc8 46. Rd1 b5 47. Ra1 Qf6 48. Qb1 a6 49. Ra2 Qe6 50. Rd2 Rb7 51.
Qd1 b4 52. Rd6 Qf7 53. Qd4 b3 54. Qd3 b2 55. Qb1 a5 56. Rd4 Qf5 57. Qc2 Qxc2 0-1